[Event "Titled Tuesday Blitz November 15 Late 2022"]
[White "Foerster-Yialamas, Lucas"]
[Black "Graif, William"]
[WhiteFideId "30901774"]
[BlackFideId "2609835"]
[WhiteElo "2067"]
[BlackElo "2205"]
[Result "1-0"]
[Round "02"]
[TimeControl "180+1"]
[Date "2022.11.16"]
[WhiteClock "0:00:16"]
[BlackClock "0:00:02"]

1. e4 e5 2. Nf3 Bc5 3. Nxe5 Nc6 4. Nxc6 dxc6 5. c3 Qh4 6. d4 Qxe4+ 7. Qe2 Qxe2+ 8. Bxe2 Bd6 9. O-O Bf5 10. Re1 O-O-O 11. Nd2 Nf6 12. Nc4 Rhe8 13. Bg5 Be7 14. Ne5 Ne4 15. Bxe7 Rxe7 16. g4 Be6 17. f4 f6 18. Nxc6 bxc6 19. Ba6+ Kd7 20. Rxe4 Bxg4 21. Rxe7+ Kxe7 22. Re1+ Kd6 23. Kf2 Rd7 24. Bc8 h5 25. Bxd7 Bxd7 26. Re3 g5 27. Kg3 h4+ 28. Kf3 g4+ 29. Kf2 f5 30. Re5 Be6 31. b4 Kd7 32. a4 Kd6 33. Ra5 Bb3 34. Rxa7 Kd5 35. Rxc7 Bxa4 36. Rh7 Ke4 37. Rxh4 Kxf4 38. h3 Kg5 39. Rh8 Kf4 40. hxg4 Kxg4 41. Rd8 Kf4 42. d5 cxd5 43. Rxd5 Ke4 44. Rd8 f4 45. c4 1-0


[Site "https://www.chess.com"]

[Event "Titled Tuesday Blitz November 15 Late 2022"]
[White "Forgacs, Attila Jr."]
[Black "Fernandez Hernandez, Gerardo"]
[WhiteFideId "773654"]
[BlackFideId "2207400"]
[WhiteElo "2168"]
[BlackElo "2211"]
[Result "0-1"]
[Round "02"]
[TimeControl "180+1"]
[Date "2022.11.16"]
[WhiteClock "0:00:13"]
[BlackClock "0:00:13"]

1. e4 e6 2. d4 d5 3. Nc3 Nc6 4. Nf3 Nf6 5. Bg5 Be7 6. e5 Ne4 7. Bxe7 Qxe7 8. Bd3 Qb4 9. a3 Nxc3 10. axb4 Nxd1 11. Kxd1 Nxb4 12. Be2 Bd7 13. c3 Nc6 14. Kd2 Ke7 15. Ra3 a5 16. Rha1 f6 17. exf6+ gxf6 18. Ne1 Rhg8 19. g3 e5 20. dxe5 fxe5 21. Nd3 Kd6 22. b4 b6 23. Bh5 Raf8 24. bxa5 Nxa5 25. Ke1 Bf5 26. Nb4 c5 27. Na2 Nc4 28. Ra7 Rb8 29. Rd1 Ra8 30. Rxa8 Rxa8 31. Nc1 Ra1 32. Bf7 Be4 33. Ke2 Nb2 34. Re1 d4 35. f3 Bd5 36. cxd4 Bxf7 37. dxe5+ Kxe5 38. Kf2+ Kd6 39. f4 Rxc1 40. Re3 Rc2+ 41. Kf3 Bd5+ 42. Kg4 Rxh2 43. Re8 c4 44. Rd8+ Kc5 45. Rc8+ Kd4 46. Rd8 c3 47. f5 c2 48. Rc8 Nc4 49. f6 c1=Q 50. f7 Qd1+ 51. Kf5 Bxf7 52. Rd8+ Bd5 53. Kf6 Qf3+ 54. Ke7 Qe4+ 55. Kd7 Qe6+ 56. Kc7 Qc6+ 57. Kb8 Qb7# 0-1


[Site "https://www.chess.com"]

[Event "Titled Tuesday Blitz November 15 Late 2022"]
[White "Freile Martin, Javier"]
[Black "Ladan, Nicholas"]
[WhiteFideId "3600165"]
[BlackFideId "30918855"]
[WhiteElo "2325"]
[BlackElo "2167"]
[Result "1-0"]
[Round "02"]
[TimeControl "180+1"]
[Date "2022.11.16"]
[WhiteClock "0:00:14"]
[BlackClock "0:00:01"]

1. c4 e6 2. Nc3 d5 3. d4 Nf6 4. Bg5 Be7 5. e3 O-O 6. Qc2 a6 7. cxd5 exd5 8. Nf3 h6 9. Bh4 c6 10. Bd3 Nbd7 11. O-O Re8 12. Rab1 Ne4 13. Bxe4 Bxh4 14. Bd3 Bf6 15. b4 Nb6 16. a4 Bg4 17. Nd2 Rc8 18. Bf5 Bxf5 19. Qxf5 Rc7 20. Qd3 Nc8 21. b5 axb5 22. axb5 c5 23. dxc5 Rxc5 24. Ne2 Nd6 25. Nf3 Nc4 26. Ned4 Qb6 27. g3 Rec8 28. Rfd1 Nd6 29. Kg2 Rc3 30. Qe2 Nc4 31. Rd3 Na3 32. Rxc3 Rxc3 33. Ra1 Be7 34. Qb2 Qc5 35. Ne5 Qb4 36. Qxb4 Bxb4 37. Ra2 Bd6 38. Nef3 Kh7 39. Nf5 Bb4 40. N5d4 g6 41. h4 Kg7 42. h5 Bc5 43. hxg6 Bxd4 44. Nxd4 fxg6 45. Kf3 Nc4 46. Ra7 Nd6 47. Ra8 Kf6 48. Rd8 Ke7 49. Rg8 Kf7 50. Rh8 h5 51. Rh7+ Kf6 52. Rd7 Nf5 53. Nxf5 gxf5 54. Rxd5 Rb3 55. Rc5 Ke6 56. Kf4 Rb2 57. f3 Rb4+ 58. e4 fxe4 59. fxe4 Kd6 60. Rxh5 Rb1 61. Rd5+ Ke6 62. Re5+ Kf6 63. Rf5+ Ke6 64. g4 Rf1+ 65. Kg5 Re1 66. e5 Rb1 67. Kg6 Rxb5 68. g5 Ke7 69. Rf7+ Ke8 70. Rf5 Ke7 71. e6 Kxe6 72. Rxb5 1-0


[Site "https://www.chess.com"]

[Event "Titled Tuesday Blitz November 15 Late 2022"]
[White "Garcia Pantoja, Roberto"]
[Black "Grapsa, Georgia"]
[WhiteFideId "3509265"]
[BlackFideId "4206436"]
[WhiteElo "2524"]
[BlackElo "1877"]
[Result "1-0"]
[Round "02"]
[TimeControl "180+1"]
[Date "2022.11.16"]
[WhiteClock "0:01:25"]
[BlackClock "0:00:35"]

1. e4 d5 2. exd5 Qxd5 3. Nc3 Qa5 4. d4 Nf6 5. Nf3 c6 6. Ne5 Be6 7. f4 Nbd7 8. Bd3 Nxe5 9. fxe5 Nd5 10. Bd2 Nxc3 11. Bxc3 Qc7 12. O-O g6 13. Bb4 Bh6 14. Qe1 O-O-O 15. c3 Bg7 16. Qe2 Rhe8 17. Rae1 Kb8 18. a4 a5 19. Ba3 Bb3 20. Bc4 Bxc4 21. Qxc4 e6 22. Bd6 Rxd6 23. exd6 Qd7 24. Qc5 f5 25. Qxa5 Qxd6 26. Qb6 Bf6 27. Re2 Bd8 28. Qb3 Bc7 29. g3 h5 30. Rfe1 h4 31. Rxe6 Rxe6 32. Qxe6 hxg3 33. Qxd6 Bxd6 34. Re6 gxh2+ 35. Kg2 Kc7 36. Rxg6 Bf4 37. Rf6 Bc1 38. b3 Bb2 39. c4 Bxd4 40. Rxf5 Bg1 41. c5 Kb8 42. Rh5 Ka7 43. Kf3 Ka6 44. b4 Bd4 45. Rxh2 Bc3 46. Rh4 b6 47. cxb6 Kxb6 48. Ke3 c5 49. Rh6+ Kb7 50. bxc5 Bb2 51. Ke4 Ba3 52. Kd5 1-0


[Site "https://www.chess.com"]

[Event "Titled Tuesday Blitz November 15 Late 2022"]
[White "Gerbelli Neto, Eduardo"]
[Black "Dudzinski, Pawel"]
[WhiteFideId "2103281"]
[BlackFideId "1117890"]
[WhiteElo "2178"]
[BlackElo "2086"]
[Result "1-0"]
[Round "02"]
[TimeControl "180+1"]
[Date "2022.11.16"]
[WhiteClock "0:00:30"]
[BlackClock "0:00:03"]

1. e4 c6 2. d4 d5 3. exd5 cxd5 4. c4 Nf6 5. Nc3 g6 6. cxd5 Bg7 7. Be2 Nxd5 8. Qb3 Nb6 9. Be3 O-O 10. Bf3 Nc6 11. Nge2 Na5 12. Qb4 Nac4 13. b3 a5 14. Qb5 Bd7 15. Qg5 h6 16. Qg3 Nxe3 17. fxe3 Bc6 18. O-O Bxf3 19. Qxf3 Qd7 20. Rac1 Rac8 21. Ne4 Rxc1 22. Nxc1 Nd5 23. Nc5 Qc6 24. N1d3 b6 25. Ne4 Qe6 26. Nf4 Nxf4 27. Qxf4 f5 28. Nc3 g5 29. Qf3 f4 30. Qd5 Qxd5 31. Nxd5 fxe3 32. Nxe7+ Kh7 33. Rxf8 Bxf8 34. Nf5 e2 35. Kf2 Kg6 36. g4 h5 37. h3 hxg4 38. hxg4 Kf6 39. Kxe2 Ke6 40. Kd3 Kd5 41. Ne3+ Kc6 42. Ke4 Kb5 43. Nc4 Be7 44. Kd5 Bf6 45. a4+ Kb4 46. Nxb6 Kxb3 47. Kc5 Bd8 48. d5 1-0


[Site "https://www.chess.com"]

[Event "Titled Tuesday Blitz November 15 Late 2022"]
[White "Ghazarian, Kirk"]
[Black "Sarana, Alexey"]
[WhiteFideId "30908604"]
[BlackFideId "24133795"]
[WhiteElo "2346"]
[BlackElo "2708"]
[Result "0-1"]
[Round "02"]
[TimeControl "180+1"]
[Date "2022.11.15"]
[WhiteClock "0:00:01"]
[BlackClock "0:00:02"]

1. d4 Nf6 2. Nf3 d5 3. Bf4 c5 4. e3 Nc6 5. Nbd2 Qb6 6. dxc5 Qxb2 7. Rb1 Qa3 8. Nb3 g6 9. Be2 Bg7 10. O-O O-O 11. Nfd4 Nxd4 12. exd4 Ne4 13. Qc1 Qxc1 14. Rbxc1 Nc3 15. Bf3 Bf5 16. g4 Be4 17. Bxe4 Ne2+ 18. Kh1 dxe4 19. Be3 Nxc1 20. Rxc1 Rac8 21. d5 Bc3 22. Rd1 Rfd8 23. Kg2 f6 24. f3 exf3+ 25. Kxf3 Kf7 26. Rd3 Be5 27. Ke4 b6 28. c6 Bxh2 29. c4 Bd6 30. Nd4 Rh8 31. Nb5 h5 32. gxh5 Rxh5 33. Nxa7 Rh4+ 34. Kf3 Rh3+ 35. Ke2 Rh2+ 36. Kd1 Rch8 37. Rd2 Rxd2+ 38. Kxd2 Rh2+ 39. Kd3 Rxa2 40. Bxb6 g5 41. Nb5 Bf4 42. c5 Rb2 43. Nd4 Ke8 44. Ne6 Be5 45. Bc7 Rb1 46. Bxe5 fxe5 47. Ke4 Re1+ 48. Kf5 Rd1 49. Kxe5 g4 50. d6 exd6+ 51. cxd6 g3 52. Nf4 Kd8 53. Ne6+ Ke8 54. d7+ Ke7 55. Nf4 Rd2 56. Ke4 g2 0-1


[Site "https://www.chess.com"]

[Event "Titled Tuesday Blitz November 15 Late 2022"]
[White "Gokerkan, Cem Kaan"]
[Black "Guzman, Christopher"]
[WhiteFideId "6336760"]
[BlackFideId "6405096"]
[WhiteElo "2365"]
[BlackElo "2272"]
[Result "1/2-1/2"]
[Round "02"]
[TimeControl "180+1"]
[Date "2022.11.16"]
[WhiteClock "0:00:35"]
[BlackClock "0:01:53"]

1. e4 c6 2. d4 d5 3. e5 Bf5 4. h4 h5 5. c4 e6 6. Nc3 Nd7 7. cxd5 cxd5 8. Bd3 Bxd3 9. Qxd3 Nh6 10. Bxh6 Rxh6 11. Nf3 Be7 12. g3 Rc8 13. O-O g5 14. Qe3 Rg6 15. hxg5 Bxg5 16. Nxg5 Qxg5 17. Qxg5 Rxg5 18. Rac1 a6 19. Ne2 Rxc1 20. Rxc1 Kd8 21. Kg2 h4 22. f4 Rg8 23. Kf3 hxg3 24. Nxg3 Nb8 25. Rh1 Nc6 26. Ne2 Ke7 27. Rh5 Nb4 28. a3 Nc6 29. f5 exf5 30. Rxf5 Rh8 31. Ke3 Rh3+ 32. Kd2 Rh4 33. Ke3 Rh3+ 34. Rf3 Rxf3+ 35. Kxf3 f6 36. exf6+ Kxf6 37. Ke3 Ke6 38. Nf4+ Kd6 39. Kd3 1/2-1/2


[Site "https://www.chess.com"]

[Event "Titled Tuesday Blitz November 15 Late 2022"]
[White "Goltsev, Dmitry"]
[Black "Jarocka, Liwia"]
[WhiteFideId "24176710"]
[BlackFideId "21807558"]
[WhiteElo "2289"]
[BlackElo "1989"]
[Result "1/2-1/2"]
[Round "02"]
[TimeControl "180+1"]
[Date "2022.11.16"]
[WhiteClock "0:00:04"]
[BlackClock "0:00:15"]

1. e4 c5 2. Nf3 e6 3. d4 cxd4 4. Nxd4 Nf6 5. Nc3 d6 6. Be2 Nc6 7. Be3 Be7 8. O-O O-O 9. f4 a6 10. Bf3 Qc7 11. g4 Nxd4 12. Bxd4 e5 13. fxe5 dxe5 14. Be3 Bc5 15. Bxc5 Qxc5+ 16. Kg2 Be6 17. g5 Rfd8 18. Qe2 Ne8 19. Rfd1 Qe7 20. Qe3 Nd6 21. b3 Rac8 22. Rd3 Nb5 23. Rxd8+ Qxd8 24. Rd1 Qe7 25. Nxb5 Rxc2+ 26. Rd2 Rxd2+ 27. Qxd2 axb5 28. h4 h6 29. Be2 b4 30. Kg3 hxg5 31. hxg5 g6 32. Bc4 Bxc4 33. bxc4 Kg7 34. Kh4 Qc5 35. Qd5 b6 36. Qxc5 bxc5 37. Kg3 Kf8 38. Kf3 Ke7 39. Kg3 Kd6 40. Kf3 Kc6 41. Ke3 Kd6 42. Kf3 Ke6 43. Kg3 f5 44. gxf6 Kxf6 45. Kg4 Kf7 46. Kh4 Kg7 47. Kg5 Kf7 48. Kg4 Kg8 49. Kh4 Kh8 50. Kg4 Kh7 51. Kh4 Kh6 52. Kg4 g5 53. Kf5 Kh5 54. Kxe5 g4 55. Kd6 g3 56. e5 g2 57. e6 g1=Q 58. e7 Qd4+ 59. Kc7 Qe5+ 60. Kd7 Qf5+ 61. Kd8 Qf6 62. Kd7 Qd4+ 63. Kc7 Qxc4 64. e8=Q+ Kg5 65. Qe7+ Kf5 66. Kb6 b3 67. axb3 Qxb3+ 68. Kc6 c4 69. Qf7+ Ke4 70. Kc5 Kd3 71. Qf3+ Kc2 72. Qe2+ Kb1 73. Qxc4 Qxc4+ 74. Kxc4 1/2-1/2


[Site "https://www.chess.com"]

[Event "Titled Tuesday Blitz November 15 Late 2022"]
[White "Golubev, Mikhail"]
[Black "Rose, Felix"]
[WhiteFideId "14100983"]
[BlackFideId "5105722"]
[WhiteElo "2374"]
[BlackElo "2039"]
[Result "1-0"]
[Round "02"]
[TimeControl "180+1"]
[Date "2022.11.16"]
[WhiteClock "0:00:16"]
[BlackClock "0:00:27"]

1. e4 c5 2. Nf3 g6 3. d4 cxd4 4. Nxd4 Nc6 5. Nc3 Bg7 6. Be3 Nf6 7. Bc4 a5 8. Nxc6 bxc6 9. e5 Ng8 10. Qf3 e6 11. Bf4 Qc7 12. Qe3 Rb8 13. O-O Ne7 14. Ne4 Nf5 15. Qc3 O-O 16. g4 Nh4 17. Qg3 Bxe5 18. Nf6+ Kg7 19. Ne8+ Rxe8 20. Bxe5+ Qxe5 21. Qxe5+ f6 22. Qxb8 1-0


[Site "https://www.chess.com"]

[Event "Titled Tuesday Blitz November 15 Late 2022"]
[White "Gonzalez, Francisco Silva"]
[Black "Rorrer, Grayson"]
[WhiteFideId "1512285"]
[BlackFideId "30944996"]
[WhiteElo "2159"]
[BlackElo "2130"]
[Result "1-0"]
[Round "02"]
[TimeControl "180+1"]
[Date "2022.11.16"]
[WhiteClock "0:00:47"]
[BlackClock "0:00:05"]

1. d4 Nf6 2. c4 e6 3. Nc3 Bb4 4. a3 Bxc3+ 5. bxc3 O-O 6. e3 c5 7. Bd3 Nc6 8. e4 cxd4 9. cxd4 Nxd4 10. e5 Qa5+ 11. Kf1 Ne8 12. Bb2 Nc6 13. Nf3 Qd8 14. Qb1 f5 15. exf6 Nxf6 16. Bxf6 Qxf6 17. Bxh7+ Kh8 18. h4 Ne5 19. Be4 Nxc4 20. Ra2 d5 21. Bd3 Ne5 22. Nxe5 Qxe5 23. Re2 Qf6 24. Qb5 Qa1+ 25. Re1 Qd4 26. f3 Bd7 27. Qb1 e5 28. Rd1 Bc6 29. Be2 Qf4 30. h5 Rf6 31. Rh3 e4 32. Qb4 Raf8 33. Kg1 Qe3+ 34. Kf1 Qg5 35. Qc5 exf3 36. Bxf3 Kh7 37. Qd4 Kh6 38. a4 Rf4 39. Qc5 R8f7 40. Rd4 b6 41. Qb4 a5 42. Qxb6 1-0


[Site "https://www.chess.com"]

[Event "Titled Tuesday Blitz November 15 Late 2022"]
[White "Goroshkov, Maksym"]
[Black "Jacobson, Brandon"]
[WhiteFideId "14142716"]
[BlackFideId "30901561"]
[WhiteElo "2257"]
[BlackElo "2451"]
[Result "0-1"]
[Round "02"]
[TimeControl "180+1"]
[Date "2022.11.15"]
[WhiteClock "0:02:27"]
[BlackClock "0:02:09"]

1. e4 c5 2. d4 cxd4 3. c3 dxc3 4. Nxc3 Nc6 5. Nf3 d6 6. Bc4 a6 7. O-O Nf6 8. Bg5 e6 9. Qe2 Be7 10. Rfd1 Qa5 11. Bxf6 Bxf6 12. Rxd6 O-O 13. Rxc6 bxc6 14. e5 Be7 15. Qe4 Rb8 16. Bb3 Rxb3 17. Rd1 Rxb2 18. Ne2 Rd8 19. Rf1 Qd5 20. Qg4 Rxe2 0-1


[Site "https://www.chess.com"]

[Event "Titled Tuesday Blitz November 15 Late 2022"]
[White "Grigorov, Grigor"]
[Black "Przybylski, Wojciech"]
[WhiteFideId "2907313"]
[BlackFideId "1117599"]
[WhiteElo "2510"]
[BlackElo "2221"]
[Result "1-0"]
[Round "02"]
[TimeControl "180+1"]
[Date "2022.11.16"]
[WhiteClock "0:00:21"]
[BlackClock "0:00:03"]

1. d4 d5 2. Nf3 Nf6 3. c3 c6 4. Bf4 Bf5 5. Qb3 Qb6 6. Nbd2 Nbd7 7. e3 e6 8. Nh4 Be4 9. f3 Bg6 10. Nxg6 hxg6 11. g4 Be7 12. Be2 Qxb3 13. axb3 Nb6 14. b4 Nfd7 15. Nb3 a6 16. Na5 Ra7 17. Kd2 f6 18. h4 e5 19. Bg3 Nc8 20. Bd3 Kf7 21. Kc2 Bd6 22. Bf2 Ne7 23. e4 b6 24. Nb3 Rha8 25. Ra2 exd4 26. Nxd4 c5 27. bxc5 bxc5 28. Nb3 c4 29. Bxa7 cxd3+ 30. Kxd3 Rxa7 31. Nd4 Nc5+ 32. Ke3 dxe4 33. fxe4 g5 34. hxg5 fxg5 35. b4 Bf4+ 36. Kf3 Nd3 37. Rha1 Ne5+ 38. Ke2 Rc7 39. Rc2 Nxg4 40. Rxa6 Ne3 41. Rc1 Nc4 42. Rca1 Ne5 43. Nb5 Rd7 44. Nd6+ Kg8 45. c4 N5c6 46. c5 Nxb4 47. Ra8+ Kh7 48. R1a7 Rxa7 49. Rxa7 Nbc6 50. Rb7 g4 51. Nf5 Nxf5 52. exf5 Nd4+ 53. Kd3 1-0


[Site "https://www.chess.com"]

[Event "Titled Tuesday Blitz November 15 Late 2022"]
[White "Grot, Blazej"]
[Black "Kobo, Ori"]
[WhiteFideId "21835845"]
[BlackFideId "2812320"]
[WhiteElo "1822"]
[BlackElo "2447"]
[Result "0-1"]
[Round "02"]
[TimeControl "180+1"]
[Date "2022.11.16"]
[WhiteClock "0:00:02"]
[BlackClock "0:00:13"]

1. e4 c5 2. Nc3 Nc6 3. Bb5 Nd4 4. Nf3 a6 5. Bc4 b5 6. Bd5 Rb8 7. Nxd4 cxd4 8. Ne2 e6 9. Bb3 Nf6 10. d3 Bc5 11. O-O h6 12. f4 d6 13. f5 exf5 14. exf5 O-O 15. Ng3 Bb7 16. Nh5 Re8 17. Nxf6+ Qxf6 18. Qh5 Re5 19. Bd2 Rbe8 20. Rae1 Kf8 21. Rxe5 Rxe5 22. Bf4 Re7 23. Bg3 Qg5 24. Qxg5 hxg5 25. Re1 Bc8 26. f6 gxf6 27. Rxe7 Kxe7 28. Kf2 f5 29. Ke2 Bb7 30. Kf1 f4 31. Bf2 Bc6 32. a3 a5 33. Ba2 a4 34. Be1 f5 35. Ba5 Kf6 36. Kf2 g4 37. Bd8+ Kg6 38. g3 f3 39. Be6 b4 40. axb4 Bxb4 41. Be7 Be8 42. Bc4 a3 43. bxa3 Bxa3 44. Bd8 Bc1 45. Bb6 Be3+ 46. Kf1 Ba4 47. Bb3 Bc6 48. Ba7 Kf6 49. Bb8 Ke5 50. Bc4 f4 51. gxf4+ Bxf4 52. Bb3 Bxh2 53. Kf2 g3+ 54. Ke1 g2 0-1


[Site "https://www.chess.com"]

[Event "Titled Tuesday Blitz November 15 Late 2022"]
[White "Guz, Ari"]
[Black "Alekseenko, Kirill"]
[WhiteFideId "2825759"]
[BlackFideId "4135539"]
[WhiteElo "2205"]
[BlackElo "2682"]
[Result "0-1"]
[Round "02"]
[TimeControl "180+1"]
[Date "2022.11.15"]
[WhiteClock "0:00:04"]
[BlackClock "0:00:06"]

1. b3 e5 2. Bb2 Nc6 3. e3 f6 4. d4 exd4 5. exd4 d5 6. Nd2 Bd6 7. c4 Nge7 8. g3 Nf5 9. Qe2+ Kf7 10. O-O-O Ncxd4 11. Qd3 c5 12. Bg2 Ne7 13. cxd5 Bf5 14. Be4 Rc8 15. Kb1 Bxe4 16. Nxe4 Re8 17. Nf3 Nxf3 18. Qxf3 Ng6 19. Ng5+ Kg8 20. Ne6 Qd7 21. Qf5 b5 22. h4 c4 23. h5 Ne5 24. Bd4 cxb3 25. h6 bxa2+ 26. Ka1 Qf7 27. hxg7 Qg6 28. Qxg6 Nxg6 29. Bxf6 b4 30. Bb2 a5 31. f4 a4 32. Ng5 a3 33. Bd4 Rc4 34. Kxa2 b3+ 35. Kxb3 Rb4+ 36. Ka2 Re2+ 37. Ka1 Be7 38. Rxh7 Rxd4 39. Rxd4 Bf6 40. Ne6 Kxh7 41. g8=Q+ Kxg8 0-1


[Site "https://www.chess.com"]

[Event "Titled Tuesday Blitz November 15 Late 2022"]
[White "Hajiyev, Kanan"]
[Black "Allahverdiyeva, Ayan"]
[WhiteFideId "13404148"]
[BlackFideId "13412590"]
[WhiteElo "2118"]
[BlackElo "2021"]
[Result "0-1"]
[Round "02"]
[TimeControl "180+1"]
[Date "2022.11.16"]
[WhiteClock "0:01:30"]
[BlackClock "0:01:32"]

1. d4 Nf6 2. Nf3 e6 3. c4 b6 4. g3 Ba6 5. Qc2 c5 6. dxc5 Bxc5 7. Bg2 Bb7 8. O-O O-O 9. a3 a5 10. Nc3 Nc6 11. Bg5 h6 12. Bxf6 Qxf6 13. Ne4 Qe7 14. Nxc5 Qxc5 15. Rfd1 d5 16. Rac1 d4 17. Qe4 e5 18. Nxe5 Rfe8 19. f4 Nxe5 20. Qxb7 d3+ 21. e3 Qxe3+ 22. Kh1 Ng4 23. Qf3 Nf2+ 24. Kg1 Nxd1+ 25. Qxe3 Nxe3 26. Bxa8 d2 27. Rb1 Rxa8 0-1


[Site "https://www.chess.com"]

[Event "Titled Tuesday Blitz November 15 Late 2022"]
[White "Hambleton, Aman"]
[Black "Curtis, John"]
[WhiteFideId "2606577"]
[BlackFideId "3200256"]
[WhiteElo "2538"]
[BlackElo "2203"]
[Result "1-0"]
[Round "02"]
[TimeControl "180+1"]
[Date "2022.11.16"]
[WhiteClock "0:00:04"]
[BlackClock "0:00:02"]

1. d4 Nf6 2. Bf4 d6 3. Nc3 Nbd7 4. Nf3 g6 5. e4 Bg7 6. Qd2 Nh5 7. Bh6 c5 8. Bxg7 Nxg7 9. O-O-O cxd4 10. Nxd4 h6 11. Bc4 a6 12. Kb1 b5 13. Bd5 Rb8 14. Nc6 Qc7 15. Nxb8 Qxb8 16. e5 Nxe5 17. f4 Nd7 18. Rhe1 Kf8 19. Qd4 Nf6 20. Bb3 Nf5 21. Qg1 h5 22. g3 a5 23. a3 b4 24. axb4 axb4 25. Nd5 Nxd5 26. Bxd5 e6 27. Be4 Ne7 28. Qd4 Rg8 29. Qxd6 Qxd6 30. Rxd6 Ba6 31. Rxa6 Kg7 32. Ra7 Rd8 33. Rxe7 Rd2 34. h4 Rh2 35. Rb7 Kf6 36. Rxb4 Rh3 37. Rb3 Ke7 38. Bg2 Rh2 39. Rg1 f6 40. Re3 g5 41. fxg5 f5 42. b4 f4 43. Re4 1-0


[Site "https://www.chess.com"]

[Event "Titled Tuesday Blitz November 15 Late 2022"]
[White "Hansen, Eric"]
[Black "Garcia Ramos, Daniel"]
[WhiteFideId "2606771"]
[BlackFideId "32010311"]
[WhiteElo "2568"]
[BlackElo "2357"]
[Result "1-0"]
[Round "02"]
[TimeControl "180+1"]
[Date "2022.11.15"]
[WhiteClock "0:00:06"]
[BlackClock "0:00:06"]

1. Nf3 d5 2. g3 e6 3. Bg2 b6 4. O-O Bb7 5. d4 Nf6 6. c4 dxc4 7. Qa4+ Nbd7 8. Rd1 a6 9. Qxc4 b5 10. Qc2 c5 11. dxc5 Bxc5 12. Nc3 Qb6 13. e3 O-O 14. b3 Rac8 15. Bb2 Rfd8 16. Qe2 Bc6 17. Ne1 Ne5 18. Na4 bxa4 19. Bxe5 axb3 20. Rxd8+ Rxd8 21. Bxc6 Qxc6 22. Bxf6 gxf6 23. axb3 Qb5 24. Qc2 Bb4 25. Nf3 a5 26. Nd4 Qe5 27. Rc1 Qd5 28. Qc7 Rd7 29. Qb8+ Rd8 30. Qf4 Kg7 31. Rc7 h5 32. Rc4 Bd6 33. Qf3 Qxf3 34. Nxf3 Rb8 35. Rc3 Be5 36. Rd3 Kf8 37. Nd2 Ke7 38. Nc4 Rb5 39. h4 f5 40. Kg2 Kf6 41. Kf3 Bb8 42. Ke2 Ke7 43. Kd1 e5 44. Kc2 e4 45. Rd4 Be5 46. Rd1 Bc7 47. Ra1 Rc5 48. Ra4 Ke6 49. Kc3 Kd5 50. Kd2 Rb5 51. Kc2 Rc5 52. Ra1 Kc6 53. Kd2 Kb5 54. Ra4 Bd8 55. Na3+ Kc6 56. Nc2 Bc7 57. Nd4+ Kb6 58. Rc4 Rxc4 59. bxc4 Kc5 60. Nxf5 Kxc4 61. Kc2 a4 62. Kb1 Kd3 63. Nh6 Ke2 64. g4 hxg4 65. Nxg4 Kf3 66. Nh6 f6 67. h5 Kxf2 68. Nf5 Bf4 69. exf4 e3 70. Nxe3 Kxe3 71. h6 Kxf4 72. h7 f5 73. h8=Q Ke3 74. Qe5+ 1-0


[Site "https://www.chess.com"]

[Event "Titled Tuesday Blitz November 15 Late 2022"]
[White "Har-Zvi, Ronen"]
[Black "Jiang, Andrew"]
[WhiteFideId "2801485"]
[BlackFideId "30953510"]
[WhiteElo "2523"]
[BlackElo "1868"]
[Result "1-0"]
[Round "02"]
[TimeControl "180+1"]
[Date "2022.11.16"]
[WhiteClock "0:01:00"]
[BlackClock "0:02:17"]

1. Nf3 Nf6 2. c4 c5 3. Nc3 g6 4. e3 Bg7 5. d4 cxd4 6. exd4 O-O 7. d5 d6 8. Be2 Nbd7 9. h3 a6 10. O-O Qc7 11. a4 Ne5 12. Nxe5 dxe5 13. Be3 Rd8 14. Qb3 Nd7 15. Rfd1 Nc5 16. Qa3 b6 17. a5 Nd7 18. Qxe7 Bf8 19. axb6 Bxe7 20. bxc7 Re8 21. d6 Bf8 22. Bf3 e4 23. Nxe4 Bb7 24. Nf6+ Nxf6 25. Bxb7 Nd7 26. Bc6 1-0


[Site "https://www.chess.com"]

[Event "Titled Tuesday Blitz November 15 Late 2022"]
[White "Harish, Neeraj"]
[Black "Zhalmakhanov, Ramazan"]
[WhiteFideId "30958130"]
[BlackFideId "13706357"]
[WhiteElo "1815"]
[BlackElo "2405"]
[Result "1/2-1/2"]
[Round "02"]
[TimeControl "180+1"]
[Date "2022.11.16"]
[WhiteClock "0:00:40"]
[BlackClock "0:00:12"]

1. e4 d5 2. exd5 Nf6 3. Bb5+ Nbd7 4. c4 g6 5. Nf3 Bg7 6. O-O O-O 7. Nc3 Nb6 8. d4 a6 9. Ba4 Nxc4 10. Bb3 Nb6 11. Bf4 Nbxd5 12. Nxd5 Nxd5 13. Be5 Bg4 14. h3 Bxf3 15. Qxf3 c6 16. Rfe1 e6 17. Rac1 Ne7 18. Rcd1 Nf5 19. g4 Ne7 20. Kg2 Nd5 21. Qe4 Nf6 22. Qf3 Nd7 23. Bd6 Re8 24. Bg3 a5 25. a4 Qb6 26. Qd3 Qb4 27. Qc3 Nb6 28. Be5 Nxa4 29. Bxa4 Qxa4 30. Bxg7 Kxg7 31. d5+ Kg8 32. dxe6 Rxe6 33. Rxe6 fxe6 34. Rd7 Qe4+ 35. f3 Qe2+ 36. Kg3 e5 37. Qb3+ Kh8 38. Qf7 Qe1+ 39. Kg2 Qe2+ 40. Kg3 Qe1+ 41. Kg2 Qe2+ 42. Kg3 1/2-1/2


[Site "https://www.chess.com"]

[Event "Titled Tuesday Blitz November 15 Late 2022"]
[White "He, Samuel"]
[Black "Ivic, Velimir"]
[WhiteFideId "2087235"]
[BlackFideId "950122"]
[WhiteElo "2594"]
[BlackElo "2625"]
[Result "1-0"]
[Round "02"]
[TimeControl "180+1"]
[Date "2022.11.16"]
[WhiteClock "0:00:10"]
[BlackClock "0:00:01"]

1. Nf3 Nf6 2. d4 g6 3. Nc3 Bg7 4. e4 d6 5. Be2 O-O 6. O-O Nc6 7. Be3 e5 8. dxe5 Nxe5 9. Nxe5 dxe5 10. a4 Qe7 11. Nd5 Nxd5 12. Qxd5 Rd8 13. Qb3 c6 14. Rfd1 Be6 15. Bc4 Bxc4 16. Qxc4 h5 17. a5 a6 18. Bb6 Rd7 19. Qe2 Re8 20. g3 h4 21. Qg4 Rxd1+ 22. Rxd1 hxg3 23. hxg3 Qb4 24. Rd7 Qxb2 25. Qf3 Qa2 26. Rxb7 Bf8 27. Ra7 Re7 28. Ra8 Qxc2 29. Qf6 Rd7 30. Qxe5 Rd1+ 31. Kg2 Qc1 32. Bc5 Rg1+ 33. Kh3 Rh1+ 34. Kg4 Qd1+ 35. Kf4 Qd2+ 36. Be3 Qd7 37. Bd4 f6 38. Qxf6 Qf7 39. Qxf7+ Kxf7 40. Rxa6 Bd6+ 41. e5 Be7 42. Rxc6 Rd1 43. e6+ Kg8 44. Be5 g5+ 45. Kf5 Kh7 46. f4 g4 47. Rc7 Kh6 48. Rxe7 Ra1 49. Kxg4 Rxa5 50. Rf7 Kg6 51. Rg7+ Kh6 52. e7 Ra8 53. Rf7 Rg8+ 54. Kf5 Re8 55. Ke6 Kh5 56. Rh7+ Kg6 57. Rh1 Ra8 58. f5+ Kg5 59. Kf7 Ra7 60. Kf8 Kxf5 61. e8=Q Ra6 62. Rf1+ Kg4 63. Qc8+ Kg5 64. Qxa6 1-0


[Site "https://www.chess.com"]

[Event "Titled Tuesday Blitz November 15 Late 2022"]
[White "Ibarra Jerez, Jose Carlos"]
[Black "Wadsworth, Matthew J"]
[WhiteFideId "2226332"]
[BlackFideId "415804"]
[WhiteElo "2638"]
[BlackElo "2367"]
[Result "1/2-1/2"]
[Round "02"]
[TimeControl "180+1"]
[Date "2022.11.16"]
[WhiteClock "0:00:03"]
[BlackClock "0:00:11"]

1. e4 e6 2. d4 d5 3. Nd2 Be7 4. e5 c5 5. c3 cxd4 6. cxd4 Qb6 7. Ndf3 Bb4+ 8. Bd2 Bd7 9. Bd3 Bxd2+ 10. Qxd2 Bb5 11. Ne2 Bxd3 12. Qxd3 Nc6 13. O-O Nge7 14. Ng3 h5 15. h3 h4 16. Ne2 Nf5 17. Rfd1 Rc8 18. Nc3 O-O 19. Nxd5 Qa6 20. Qxa6 bxa6 21. Ne3 Nxe3 22. fxe3 Nb4 23. Rac1 Nxa2 24. Rxc8 Rxc8 25. Ra1 Rc1+ 26. Rxc1 Nxc1 27. Kf1 Nd3 28. b3 Nc1 29. Nd2 Kf8 30. Ke1 Ke7 31. Kd1 Nd3 32. Nf3 Kd7 33. Kd2 Nf2 34. Nxh4 Kc6 35. Ke2 Ne4 36. Nf3 Kb5 37. Nd2 Nc3+ 38. Kd3 Kb4 39. h4 Nd1 40. Ke2 Nc3+ 41. Kf3 Nd5 42. g4 Kc3 43. Ke2 Ne7 44. h5 g6 45. h6 g5 46. h7 Ng6 47. Ne4+ Kxb3 48. Nc5+ Kc4 49. Nxa6 Kb5 50. Nc5 a5 51. Kd3 a4 52. Kc3 a3 53. Ne4 a2 54. Kb2 Kc4 55. Nd6+ Kd3 56. Nxf7 Kxe3 57. h8=Q Nxh8 58. Nxh8 Kxd4 59. Nf7 Ke4 60. Nxg5+ Kf4 61. Nxe6+ Kxe5 62. Nc5 Kf4 63. Kxa2 Kxg4 1/2-1/2


[Site "https://www.chess.com"]